Unix NetHack Version 3.7.0-102 Work-in-progress - last build Apr 6 2024 13:22:21 (d302a6a9ff6341f1a922d8f5af178406b35fdf99,branch:master). Game began 2024-05-03 15:33:05, ended 2024-05-03 19:50:56. fstd, neutral male human Wizard ---. ---- |..-.- |..| |...<| --.-- ---..-- -@-- |....-- |..h ----..---..|.-- .........-- -----...-- -)-- --- Fstd the Conjurer St:11 Dx:15 Co:14 In:15 Wi:8 Ch:11 Neutral S:1411 Dlvl:4 $:63 HP:0(36) Pw:25(43) AC:7 Xp:5 T:2639 Latest messages: You hear bubbling water. There is a broken door here. You see here a hard hat. Kitty McKatface steps reluctantly over a hard hat. In what direction? j You kick a hard hat. What do you want to drop? [$a-xzAC-K or ?*] H There is a broken door here. You see here a pair of padded gloves. There is a broken door here. You see here a pair of padded gloves. You swap places with Kitty McKatface. There is a broken door here. You see here a pair of padded gloves. In what direction? j You kick a pair of padded gloves. What do you want to drop? [$a-xzAC-GI-K or ?*] C You swap places with Kitty McKatface. There is a broken door here. You see here a pair of hard shoes. C - a pair of hard shoes. What do you want to wear? [C or ?*] C You finish your dressing maneuver. Where do you want to travel to? You hear the footsteps of a guard on patrol. You feel tough! You must have been leading a healthy life-style. Where do you want to travel to? You kill the large kobold! Where do you want to travel to? You kill the gecko! You see here a gecko corpse. There is a gecko corpse here; eat it? [ynq] (n) y This gecko corpse is gamey. You finish eating the gecko corpse. Where do you want to travel to? You kill the gnome! v - 6 darts L - a red gem. You are hit. The dwarf hits! In what direction? n The spell hits it. The dwarf resists! The dwarf hits! In what direction? n The spell misses it. The dwarf hits! You die... Do you want your possessions identified? [ynq] (y) q Inventory: Coins ('$') $ - 63 gold pieces Weapons (')') v - 9 uncursed +0 darts a - a blessed +1 quarterstaff (weapon in hands) Armor ('[') C - an uncursed +0 pair of iron shoes (being worn) b - an uncursed +0 cloak of magic resistance (being worn) Comestibles ('%') w - an uncursed banana t - an uncursed carrot p - an uncursed lembas wafer u - an uncursed lichen corpse Scrolls ('?') I - a blessed scroll of blank paper K - 2 uncursed scrolls of blank paper J - a cursed scroll of blank paper k - an uncursed scroll of destroy armor z - a blessed scroll of enchant weapon j - an uncursed scroll of enchant weapon s - 2 uncursed scrolls of identify i - a blessed scroll of magic mapping E - an uncursed scroll of stinking cloud A - an uncursed scroll of teleportation Spellbooks ('+') m - an uncursed spellbook of confuse monster l - a blessed spellbook of force bolt Potions ('!') g - a blessed potion of healing F - an uncursed potion of healing h - an uncursed potion of monster detection x - a blessed potion of polymorph f - an uncursed potion of polymorph Rings ('=') d - an uncursed ring of fire resistance e - an uncursed ring of teleport control Wands ('/') c - an uncursed wand of make invisible (0:6) Tools ('(') r - an uncursed bell o - an uncursed blindfold n - an uncursed magic marker (0:20) G - an uncursed tin opener q - an uncursed towel Gems/Stones ('*') L - an uncursed worthless piece of red glass D - an uncursed worthless piece of violet glass Fstd the Wizard's attributes: Background: You were a Conjurer, a level 5 male human Wizard. You were neutral, nominally on a mission for Thoth who was opposed by Ptah (lawful) and Anhur (chaotic). You were right-handed. You were in the Gnomish Mines, on level 4. You entered the dungeon 2639 turns ago. You had 262 experience points, 58 more were needed to attain level 6. Your score was 1411 before end-of-game adjustments. Basics: You had 0 out of 36 hit points. You had 25 out of 43 energy points (spell power). Your armor class was 7. Your wallet contained 63 zorkmids. Autopickup was on for '$"?!=+/(*' plus thrown, with exceptions. Final Characteristics: Your strength was 11 (peak:14, limit:18/100). Your dexterity was 15 (limit:18). Your constitution was 14 (limit:18). Your intelligence was 15 (limit:18). Your wisdom was 8 (limit:18). Your charisma was 11 (limit:18). Final Status: You weren't hungry. You were unencumbered. You were wielding a quarterstaff. You had basic skill with quarterstaff. Final Attributes: You were piously aligned. You were magic-protected. You were poison resistant. You were warded. You are dead. Miscellaneous: You disabled loading of bones levels. Total elapsed playing time was 41 minutes and 44 seconds. Major events: Turn 1: fstd the neutral male human Wizard entered the dungeon 904: entered the Gnomish Mines 1004: attained the rank of Conjurer (level 3) 2639: killed by a dwarf Vanquished creatures: a bugbear a gray ooze 4 elf zombies a paper golem 4 giant ants 2 dwarves 2 homunculi a giant bat 2 orc zombies a dwarf zombie a wererat an iguana a large kobold a hobgoblin 2 cave spiders a gnome 6 geckos 6 jackals a fox 2 kobolds 2 sewer rats 2 lichens a kobold zombie 4 newts 50 creatures vanquished. No species were genocided or became extinct. Voluntary challenges: You were an atheist. You were illiterate. You never engraved Elbereth. You never genocided any monsters. You never polymorphed an object. You never changed form. You used no wishes. Achievements: You entered the Gnomish Mines. You attained the rank of Conjurer. You entered a shop. The Dungeons of Doom: levels 1 to 7 Level 1: A fountain, a grave. Level 2: Some fountains, a sink. Level 3: A fountain. Stairs down to The Gnomish Mines. Level 4: A fountain. Level 5: Level 6: A fountain. Level 7: The Gnomish Mines: Level 4: <- You were here. Final resting place for you, killed by a dwarf. Game over: ---------- / \ / REST \ / IN \ / PEACE \ / \ | fstd | | 63 Au | | killed by a | | dwarf | | | | | | 2024 | *| * * * | * _________)/\\_//(\/(/\)/\//\/|_)_______ Goodbye fstd the Wizard... You died in The Gnomish Mines on dungeon level 4 with 1405 points, and 63 pieces of gold, after 2639 moves. You were level 5 with a maximum of 36 hit points when you died.